 Dungeon Crawl Stone Soup version 0.31-a0-208-gdb31a4691d (webtiles) character file.

Game seed: 4793926911127788589

30 CowFu the Chiller (level 3, -3/26 HPs)
             Began as a Draconian Ice Elementalist on June 28, 2023.
             Was a Follower of Ru.
             Slain by a gnoll
             ... wielding a +0 whip
              (4 damage)
             ... on level 1 of the Dungeon.
             The game lasted 00:02:37 (1280 turns).

CowFu the Chiller (Draconian Ice Elementalist)      Turns: 1280, Time: 00:02:38

Health: -3/26      AC:  5    Str: 10    XL:     3   Next: 3%
Magic:  0/6        EV: 17    Int: 17    God:    Ru [*.....]
Gold:   130        SH:  0    Dex: 11    Spells: 2/6 levels left

rFire   . . .        (no weapon)
rCold   . . .        (no shield)
rNeg    . . .        (body armour unavailable)
rPois   .            (helmet restricted)
rElec   .            (no cloak)
rCorr   .            (no gloves)
SInv    .            (no boots)
Will    .....        (no amulet)
Stlth   ++           c - +5 ring of evasion {9999}
HPRegen 0.24/turn    (no ring)
MPRegen 0.10/turn

%: no passive effects
@: overwhelmed with horror, freezing walls
A: AC +5, unfitting armour, cold-blooded, cowardly
a: Renounce Religion


You were on level 1 of the Dungeon.
You worshipped Ru.
Ru was aware of your devotion.
You visited 1 branch of the dungeon, and saw 2 of its levels.

You collected 130 gold pieces.

Inventory:

Jewellery
 c - a +5 ring of evasion (left hand) {9999}
Scrolls
 b - 4 scrolls of identify {unknown}
 d - a scroll of immolation {unknown}
 e - a scroll of enchant armour {unknown}
 f - a scroll of brand weapon {unknown}
 g - a scroll of teleportation {unknown}
Potions
 a - a potion of magic


   Skills:
 - Level 1.7 Dodging
 - Level 1.7 Stealth
 - Level 2.0 Spellcasting
 + Level 5.0 Ice Magic


You had 2 spell levels left.
You knew the following spells:

 Your Spells              Type           Power      Damage    Failure   Level
a - Freeze                Ice            28%        1d5       2%          1
b - Frozen Ramparts       Ice            14%        1d3       8%          3

Your spell library contained the following spells:

 Spells                   Type           Power      Damage    Failure   Level
 Ozocubu's Armour         Ice            7%         N/A       8%          3
 Summon Ice Beast         Ice/Summ       4%         N/A       56%         4
 Olgreb's Toxic Radiance  Pois           0%         N/A       88%         4
 Discord                  Hex            0%         N/A       100%        8
 Ignition                 Fire           0%         3d3       100%        8


Dungeon Overview and Level Annotations

Branches:
Dungeon (2/15)

Altars:
Ru


Innate Abilities, Weirdness & Mutations

Your plain brown scales are hard. (AC +5)
You cannot fit into any form of body armour.
You are cold-blooded and may be slowed by cold attacks.
Your cowardice makes you less effective in combat with threatening foes.


Message History

You barely miss the gnoll.
The gnoll is heavily wounded.
The wall freezes the gnoll.
The gnoll hits you with a +0 whip!
The wall freezes the gnoll.
The gnoll closely misses you.
The gnoll hits you from afar with a +0 spear.
The wall freezes the troll but does no damage.
The wall freezes the frilled lizard.
You kill the frilled lizard!
You barely miss the gnoll.
The gnoll is heavily wounded.
The wall freezes the gnoll.
The gnoll closely misses you.
The wall freezes the gnoll.
The gnoll closely misses you. The gnoll misses you.
The wall freezes the troll.
You barely miss the gnoll.
The gnoll is heavily wounded.
The frozen ramparts melt away.
The gnoll barely misses you. The gnoll misses you.
The gnoll completely misses you. x2
Casting: Frozen Ramparts (quite dangerous; 8% risk of failure)
Confirm with . or Enter, or press ? or * to list all spells.
The spell is quite dangerous to miscast (8% risk of failure)!
Continue anyway? [Y]es or [N]o only, please.
The spell is quite dangerous to miscast (8% risk of failure)!
Continue anyway?
Casting: Frozen Ramparts (quite dangerous; 8% risk of failure)
Press: ? - help, Dir - look around, f - activate The walls around you are covered in ice.
The gnoll hits you from afar with a +0 spear.
* * * LOW HITPOINT WARNING * * *
The wall freezes the gnoll but does no damage.
The gnoll hits you with a +0 whip.
* * * LOW HITPOINT WARNING * * *
The wall freezes the gnoll but does no damage.
The gnoll hits you with a +0 whip.
* * * LOW HITPOINT WARNING * * *
Okay, then.
You closely miss the gnoll.
Your tail-slap misses the gnoll.
The wall freezes the gnoll but does no damage.
The gnoll hits you but does no damage.
The wall freezes the gnoll but does no damage.
The gnoll hits you with a +0 whip.
You die...

###############################.#
....#.....................# #)#
..#....#....#.............# #.#
#..#...#...#........###...# #.#
#.##......................# #.#
..##..#..##....########...# #.#
.#..##...#....## ....#...# #.#
#...#..#.....#####gJ..#...#####.#
.....##......8.#@#g...#......##.#
.##............gggT.g.#...##....#
.#..##.##.......gSgg..#...#####.#
...#.........8.#.#g⌠..#...# #.#
.....#...#...#####....#...# #.#
....###...##..## ....#...# #.#
...#....#...#..########...# #.#
##.....#..................# #..
########################### ###


You could see a troll, 8 gnolls and a ball python.

Vanquished Creatures
  A dart slug (D:2)
  2 ball pythons (D:1)
  2 bats
  2 endoplasms
  A giant cockroach (D:1)
  2 goblins
  5 hobgoblins
  A quokka (D:1)
  3 frilled lizards
  3 kobolds (D:1)
  3 rats (D:1)
25 creatures vanquished.

Notes
Turn   | Place    | Note
-------+----------+-------------------------------------------
     0 | D:1      | CowFu the Draconian Ice Elementalist began the quest for
                  | the Orb.
     0 | D:1      | Reached XP level 1. HP: 14/14 MP: 3/3
   111 | D:1      | Found a large runed translucent door.
   111 | D:1      | Found a large runed translucent door.
   114 | D:1      | Noticed a troll
   217 | D:1      | Reached XP level 2. HP: 20/20 MP: 3/5
   960 | D:2      | Found a faded altar of an unknown god.
   974 | D:2      | Prayed at the altar of an unknown god.
   974 | D:2      | Became a worshipper of Ru the Awakened
   993 | D:2      | Gained mutation: Your cowardice makes you less effective in
                  | combat with threatening foes. [Ru sacrifice]
   993 | D:2      | Reached * piety under Ru
  1137 | D:2      | Reached skill level 5 in Ice Magic
  1142 | D:2      | Reached XP level 3. HP: 18/26 MP: 0/6
  1270 | D:1      | Learned a level 3 spell: Frozen Ramparts
  1279 | D:1      | HP: 1/26 [gnoll/+0 whip (3)]
  1280 | D:1      | Slain by a gnoll

Illustrated notes

Levels and vault maps discovered:
D:1:      erik_arrival_cave_to_civilisation [erik_arrival_cave_to_temple],
          layout_basic
D:2:      layout_basic, chequers_ecumenical_altar_simple_redux

Skill      XL: |  1  2 |
---------------+-------+-----
Ice Magic      | 5 |  5.0
Dodging        | |  1.7
Stealth        | |  1.7
Spellcasting   | |  2.0

Action                     || total
---------------------------++-------
  Melee: Unarmed           ||    33
         Tailslap          ||     2
         Punch             ||     1
   Cast: Freeze            ||    32
         Frozen Ramparts   ||     2
 Invoke: Sacrifice Courage ||     1
 Armour: Skin              ||    12
  Dodge: Dodged            ||    55

Table legend: (Time is in decaauts)
 A = Elapsed time spent in this place.
 B = Non-inter-level travel time spent in this place.
 C = Inter-level travel time spent in this place.
 D = Time resting spent in this place.
 E = Time spent auto-exploring this place.
 F = Levels seen in this place.
 G = Mean time per level.
                   A        B        C        D        E       F      G
               +--------+--------+--------+--------+--------+-----+--------+
         Total |   1280 |   1208 |     72 |      0 |   1021 |   2 |  640.0 |
       Dungeon |   1280 |   1208 |     72 |      0 |   1021 |   2 |  640.0 |
               +--------+--------+--------+--------+--------+-----+--------+

Top non-repeatable levels by time:
     D:1: 959 daAuts
     D:2: 320 daAuts
